 Dungeon Crawl Stone Soup version 0.26.1-16-g4e020e15dc (webtiles) character file.

Game seed: 9108234157504942177

217 Froggeryz the Cudgeller (level 5, 0/45 HPs)
             Began as a Demigod Gladiator on Feb 16, 2024.
             Succumbed to a worker ant's poison
             ... on level 4 of the Dungeon.
             The game lasted 00:02:30 (3216 turns).

Froggeryz the Cudgeller (Demigod Gladiator)         Turns: 3216, Time: 00:02:31

Health: 0/45       AC:  5    Str: 19    XL:     5   Next: 35%
Magic:  7/7        EV: 13    Int: 12    God:
Gold:   134        SH:  0    Dex: 17    Spells: 4/4 levels left

rFire    . . .     SeeInvis .   a - +0 flail
rCold    . . .     Faith    .   (no shield)
rNeg     . . .     Spirit   .   b - +0 leather armour
rPois    .         Reflect  .   c - +0 helmet
rElec    .         Harm     .   (no cloak)
rCorr    .         Rampage  .   i - +0 pair of gloves
Will     .....                  (no boots)
Stlth    +.........             (no amulet)
HPRegen  0.15/turn              (no ring)
MPRegen  0.10/turn              (no ring)

@: lethally poisoned (0 -> -5)
A: high mp 1
a: no special abilities


You were on level 4 of the Dungeon.
You visited 1 branch of the dungeon, and saw 4 of its levels.

You collected 134 gold pieces.

Inventory:

Hand Weapons
 a - a +0 flail (weapon)
Missiles
 d - 3 throwing nets
 h - 12 boomerangs
 p - 24 poisoned darts (quivered)
Armour
 b - a +0 leather armour (worn)
 c - a +0 helmet (worn)
 i - a +0 pair of gloves (worn)
Jewellery
 f - an uncursed amulet of reflection {unknown}
Wands
 s - a wand of flame (20)
 u - a wand of random effects (27)
Scrolls
 e - 2 scrolls of teleportation
 j - a scroll of random uselessness {unknown}
 n - 2 scrolls of identify {unknown}
 q - a scroll of fear {unknown}
 r - a scroll of immolation {unknown}
 t - a scroll of blinking {unknown}
Potions
 g - a potion of flight {unknown}
 k - a potion of heal wounds {unknown}
 l - 3 potions of curing
 m - 2 potions of might {unknown}
 o - 2 potions of haste {unknown}


   Skills:
 + Level 3.3 Fighting
 * Level 5.0 Maces & Flails
 - Level 1.7 Throwing
 - Level 2.6 Dodging


You had 4 spell levels left.
You didn't know any spells.
Your spell library was empty.

Dungeon Overview and Level Annotations

Branches:
Dungeon (4/15)
 Temple: D:4-7


Innate Abilities, Weirdness & Mutations

You have an increased reservoir of magic. (+10% MP)


Message History

Your Maces & Flails skill increases to level 5!
You barely miss the worker ant.
The worker ant bites you but does no damage.
The worker ant barely misses you. The worker ant closely misses you.
You hit the worker ant.
The worker ant is moderately wounded.
The worker ant bites you.
* * * LOW HITPOINT WARNING * * *
You hit the worker ant.
The worker ant is heavily wounded.
The worker ant bites you.
* * * LOW HITPOINT WARNING * * *
The worker ant bites you.
* * * LOW HITPOINT WARNING * * *
You are lethally poisoned!
The worker ant poisons you!
You barely miss the worker ant.
The worker ant is heavily wounded.
You die...

...####
....##.........
...#
..............
....
.............
....?
...........#
w...##
...........#
....#
..........#
...B.....##
.....###B.##..##
... #@........ .
##†.......
...#.....
....#.....
...... ....
.....##. .##
......# ####
.w.#....


You could see a worker ant.

Vanquished Creatures
  A hound (D:2)
  An orc wizard (D:3)
  Natasha (D:4)
  An iguana (D:3)
  3 adders (D:2)
  4 worms
  2 dart slugs (D:1)
  3 leopard geckos
  4 orcs
  A giant cockroach (D:2)
  6 goblins
  7 hobgoblins
  8 jackals
  3 bats
  5 frilled lizards
  7 kobolds
  3 rats
60 creatures vanquished.

Notes
Turn   | Place    | Note
-------+----------+-------------------------------------------
     0 | D:1      | Froggeryz the Demigod Gladiator began the quest for the
                  | Orb.
     0 | D:1      | Reached XP level 1. HP: 17/17 MP: 3/3
    80 | D:1      | Reached skill level 3 in Maces & Flails
    86 | D:1      | Reached XP level 2. HP: 19/24 MP: 4/4
  1002 | D:2      | Found a burning altar of Makhleb.
  1010 | D:2      | Reached XP level 3. HP: 26/30 MP: 5/5
  1184 | D:2      | Reached skill level 4 in Maces & Flails
  1421 | D:2      | Reached XP level 4. HP: 26/37 MP: 6/6
  2878 | D:4      | Noticed an orc warrior
  3065 | D:4      | Noticed an orc warrior
  3192 | D:3      | Reached XP level 5. HP: 31/45 MP: 7/7
  3196 | D:4      | Noticed an ogre
  3197 | D:4      | Noticed Natasha
  3211 | D:4      | Killed Natasha
  3212 | D:4      | Reached skill level 5 in Maces & Flails
  3215 | D:4      | HP: 1/45 [worker ant (3)]
  3216 | D:4      | Succumbed to a worker ant's poison

Illustrated notes

Levels and vault maps discovered:
D:1:      minmay_arrival_four_loops, layout_basic
D:2:      layout_basic, nrook_campfire, makhleb_blood_cavern_becter
D:3:      minmay_chambers_of_twos, layout_basic
D:4:      layout_cave_pools, hangedman_decor_diamond_cutter, hex_medium,
          uniq_natasha

Skill      XL: |  1  2  3  4  5 |
---------------+----------------+-----
Fighting       | 2 3 |  3.3
Maces & Flails | 3 4 5 |  5.0
Throwing       | |  1.7
Dodging        | |  2.6

Action                   |  1- 3 |  4- 6 || total
-------------------------+-------+-------++-------
Melee: Flail             |    91 |   103 ||   194
  Use: Scroll            |       |     1 ||     1
       Potion            |       |     1 ||     1
 Stab: Sleeping          |     1 |       ||     1
       Distracted        |     1 |       ||     1
Armor: Leather armour    |    24 |    30 ||    54
Dodge: Dodged            |    64 |    90 ||   154
